 Dungeon Crawl Stone Soup version 0.31-a0-321-g19405a7a6a (webtiles) character file.

Game seed: 5780378282895565009

193 porpoise the Shooter (level 5, 0/33 HPs)
             Began as a Tengu Hunter on July 18, 2023.
             Slain by Pikel
             ... wielding a +1 whip of freezing
              (7 damage)
             ... on level 4 of the Dungeon.
             The game lasted 00:06:05 (2747 turns).

porpoise the Shooter (Tengu Hunter)                 Turns: 2747, Time: 00:06:06

Health: 0/33       AC:  4    Str: 12    XL:     5   Next: 72%
Magic:  6/6        EV: 14    Int:  9    God:
Gold:   241        SH:  0    Dex: 19    Spells: 4/4 levels left

rFire   . . .        b - +0 short sword (speed)
rCold   . . .        (no shield)
rNeg    . . .        c - +0 leather armour
rPois   .            (helmet restricted)
rElec   .            (no cloak)
rCorr   .            n - +0 pair of gloves
SInv    .            (boots unavailable)
Will    .....        (no amulet)
Stlth   ++           (no ring)
HPRegen 0.25/turn    (no ring)
MPRegen 0.10/turn

%: no passive effects
@: flying quickly and evasively, quick
A: beak, talons 3, nimble flight
a: no special abilities


You were on level 4 of the Dungeon.
You visited 1 branch of the dungeon, and saw 4 of its levels.

You collected 241 gold pieces.

Inventory:

Hand Weapons
 a - a +1 shortbow
 b - a +0 short sword of speed (weapon)
 o - a +0 lajatang
 p - a +1 dagger of holy wrath
Missiles
 f - 6 poisoned darts
Armour
 c - a +0 leather armour (worn)
 n - a +0 pair of gloves (worn)
Jewellery
 e - an amulet of magic regeneration
Wands
 q - a wand of charming (5)
Scrolls
 d - 5 scrolls of teleportation
 i - a scroll of vulnerability
 j - a scroll of blinking {unknown}
 l - a scroll of enchant weapon
 m - a scroll of butterflies
Potions
 g - a potion of enlightenment
 h - a potion of ambrosia
 k - a potion of mutation


   Skills:
 + Level 3.7 Fighting
 * Level 6.5 Ranged Weapons
 - Level 2.1 Dodging
 - Level 1.0 Stealth


You had 4 spell levels left.
You didn't know any spells.
Your spell library contained the following spells:

 Spells                   Type           Power      Damage    Failure   Level
 Foxfire                  Conj/Fire      0%         2x1d4     45%         1
 Scorch                   Fire           0%         2d5       61%         2
 Flame Wave               Conj/Fire      0%         2d4       99%         4
 Plasma Beam              Fire/Air       0%         2x1d10    100%        6
 Starburst                Conj/Fire      0%         6d3       100%        6
 Summon Cactus Giant      Summ           0%         N/A       100%        6


Dungeon Overview and Level Annotations

Branches:
Dungeon (4/15)
 Temple: D:4-7

Altars:
Yredelemnul

Annotations:
D:4 Pikel


Innate Abilities, Weirdness & Mutations

You have a beak for a mouth.
You have claws for feet.
Your magical nature lets you fly swiftly and evasively.


Message History

The arrow hits the lemure but does no damage.
The lemure is almost dead.
The lemure barely misses you.
You shoot an arrow. The arrow closely misses the lemure.
The lemure misses you.
A lemure comes into view.
You shoot an arrow. The arrow hits Pikel.
Pikel is lightly wounded.
Pikel completely misses you.
You shoot an arrow. The arrow closely misses Pikel.
Pikel hits you with a +1 whip of freezing!
Pikel freezes you.
You shoot an arrow. The arrow hits Pikel.
Pikel is lightly wounded.
Pikel misses you.
You shoot an arrow.
The arrow hits Pikel but does no damage.
Pikel is lightly wounded.
Pikel closely misses you.
You shoot an arrow. The arrow closely misses Pikel.
Pikel hits you with a +1 whip of freezing.
Pikel freezes you.
You shoot an arrow.
The arrow hits Pikel but does no damage.
Pikel is lightly wounded.
Pikel hits you with a +1 whip of freezing.
Pikel freezes you.
You are too injured to fight recklessly!
You are too injured to fight recklessly!
Your hands tingle!
b - a +0 short sword of speed (weapon)
Pikel hits you with a +1 whip of freezing.
* * * LOW HITPOINT WARNING * * *
Pikel freezes you.
* * * LOW HITPOINT WARNING * * *
You hit Pikel but do no damage.
Pikel is lightly wounded.
You closely miss Pikel. You peck Pikel, but do no damage.
Pikel is lightly wounded.
Pikel hits you with a +1 whip of freezing!
You die...

..)... ..... .... .## ##
... .<.##. 55 .#....# 5#
.......###K####.[ .
#....@....... ..#
#[†.##....#.$
....###.##.####
...........#####
.#.###..........
.....)......#####
................###
#...####..........########
#..# #......#...........


You could see Pikel and 3 lemures.

Vanquished Creatures
  A phantom (D:4)
  Ijyb (D:3)
  3 adders
  A dart slug (D:2)
  3 bats
  5 endoplasms
  3 giant cockroaches
  8 goblins
  7 hobgoblins
  A quokka (D:1)
  9 ball pythons
  3 frilled lizards
  12 kobolds
  8 rats
65 creatures vanquished.

Notes
Turn   | Place    | Note
-------+----------+-------------------------------------------
     0 | D:1      | porpoise the Tengu Hunter began the quest for the Orb.
     0 | D:1      | Reached XP level 1. HP: 12/12 MP: 2/2
   156 | D:1      | Reached XP level 2. HP: 17/17 MP: 3/3
   512 | D:1      | Reached skill level 5 in Ranged Weapons
   540 | D:1      | Reached XP level 3. HP: 22/22 MP: 4/4
  1118 | D:2      | Reached XP level 4. HP: 27/27 MP: 5/5
  1390 | D:2      | Found a basalt altar of Yredelemnul.
  2163 | D:3      | Noticed Ijyb
  2203 | D:3      | Killed Ijyb
  2204 | D:3      | Reached skill level 6 in Ranged Weapons
  2669 | D:4      | Gained mutation: Your magical nature lets you fly swiftly
                  | and evasively. [Tengu growth]
  2669 | D:4      | Reached XP level 5. HP: 32/32 MP: 6/6
  2684 | D:4      | Noticed a phantom
  2691 | D:4      | Killed a phantom
  2730 | D:4      | Noticed a lemure
  2731 | D:4      | Noticed Pikel
  2731 | D:4      | Noticed a lemure
  2731 | D:4      | Noticed a lemure
  2738 | D:4      | Noticed a lemure
  2747 | D:4      | Slain by Pikel

Illustrated notes

Levels and vault maps discovered:
D:1:      ldierk_walled_garden, layout_loops_cross,
          chequers_serial_rivers_micro_a, chequers_garden,
          dreamdust_wishing_well
D:2:      layout_basic, basic_altar, kennysheep_generic_room_2
D:3:      layout_loops_corners, uniq_ijyb
D:4:      layout_rooms, serial_shops, shop, gup_sewer_entry_glass,
          serial_bayou_pond_b, uniq_pikel

Skill      XL: |  1  2  3  4 |
---------------+-------------+-----
Ranged Weapons | 5 6 |  6.5
Fighting       | 3 |  3.7
Dodging        | |  2.1
Stealth        | |  1.0

Action                     |  1- 3 |  4- 6 || total
---------------------------+-------+-------++-------
  Melee: Short sword       |       |    13 ||    13
         Peck              |       |     6 ||     6
         Kick              |       |     3 ||     3
   Fire: Shortbow          |    91 |    79 ||   170
    Use: Scroll            |     1 |     6 ||     7
         Potion            |       |     1 ||     1
 Armour: Leather armour    |     4 |     9 ||    13
  Dodge: Dodged            |    21 |    22 ||    43

Table legend: (Time is in decaauts)
 A = Elapsed time spent in this place.
 B = Non-inter-level travel time spent in this place.
 C = Inter-level travel time spent in this place.
 D = Time resting spent in this place.
 E = Time spent auto-exploring this place.
 F = Levels seen in this place.
 G = Mean time per level.
                   A        B        C        D        E       F      G
               +--------+--------+--------+--------+--------+-----+--------+
         Total |   2771 |   2654 |    117 |    288 |   1970 |   4 |  692.8 |
       Dungeon |   2771 |   2654 |    117 |    288 |   1970 |   4 |  692.8 |
               +--------+--------+--------+--------+--------+-----+--------+

Top non-repeatable levels by time:
     D:3: 1050 daAuts
     D:2: 956 daAuts
     D:1: 679 daAuts
     D:4: 85 daAuts
